 Dungeon Crawl Stone Soup version 0.30.0-17-ge0270778cf (webtiles) character file.

Game seed: 16056899478322540206

161 RascalDebosk the Magician (level 5, 0/39 HPs)
             Began as a Djinni Warper on May 22, 2023.
             Slain by an orc priest
             ... wielding a +0 short sword
              (3 damage)
             ... on level 4 of the Dungeon.
             The game lasted 00:16:45 (3229 turns).

RascalDebosk the Magician (Djinni Warper)           Turns: 3229, Time: 00:16:45

Health: 0/39       AC:  5    Str: 16    XL:     5   Next: 70%
Gold:   191        EV: 12    Int: 16    God:
                   SH:  0    Dex: 13

rFire   + + .        a - +0 falchion
rCold   x . .        (no shield)
rNeg    . . .        b - +0 leather armour
rPois   ∞            (no helmet)
rElec   .            l - +0 cloak
rCorr   .            r - +0 pair of gloves
SInv    .            (boots unavailable)
Will    .....        (no amulet)
Stlth   +            u - +6 ring of strength
HPRegen 0.26/turn    (no ring)
MPRegen 0.00/turn

%: infuse magic (-1 HP)
@: flying, very slightly contaminated
A: sickness immunity, fire resistance 2, cold vulnerability 1, float, innate
caster, HP casting, extra vitality 1
a: no special abilities


You were on level 4 of the Dungeon.
You visited 1 branch of the dungeon, and saw 4 of its levels.

You collected 191 gold pieces.

Inventory:

Hand Weapons
 a - a +0 falchion (weapon)
Missiles
 d - 6 boomerangs of dispersal (quivered)
Armour
 b - a +0 leather armour (worn)
 l - a +0 cloak (worn)
 r - a +0 pair of gloves (worn)
Jewellery
 u - a +6 ring of strength (left hand)
Scrolls
 e - 2 scrolls of teleportation {unknown}
 f - a scroll of poison {unknown}
 g - a scroll of blinking
 j - a scroll of amnesia {unknown}
 n - a scroll of noise {unknown}
 o - a scroll of vulnerability {unknown}
 q - 2 scrolls of identify {unknown}
 t - a scroll of fear {unknown}
Potions
 c - a potion of lignification {unknown}
 h - a potion of brilliance {unknown}
 i - 2 potions of flight {unknown}
 k - a potion of curing {unknown}
 m - a potion of berserk rage {unknown}
 p - 2 potions of heal wounds {unknown}
 s - a potion of might {unknown}


   Skills:
 * Level 2.4 Fighting
 + Level 2.0 Long Blades
 - Level 0.7 Throwing
 + Level 1.5 Armour
 - Level 2.1 Dodging
 * Level 4.1 Spellcasting
 + Level 0.8 Evocations


You knew the following spells:

 Your Spells              Type           Power      Damage    Failure   Level
a - Blink                 Tloc           32%        N/A       5%          2
b - Lesser Beckoning      Tloc           32%        N/A       5%          2
c - Vhi's Electric Charg  Tloc/Air       32%        N/A       11%         3
d - Teleport Other        Tloc           16%        N/A       11%         3
e - Manifold Assault      Tloc           16%        N/A       36%         4
f - Beastly Appendage     Tmut           32%        N/A       3%          1
g - Scorch                Fire           32%        2d6       5%          2
Your spell library was empty.

Dungeon Overview and Level Annotations

Branches:
Dungeon (4/15)
 Temple: D:4-7

Altars:

Annotations:
D:2 1 runed translucent door, Crazy Yiuf


Innate Abilities, Weirdness & Mutations

You are immune to sickness and miasma.
You are immune to poison.
Your flesh is very heat resistant. (rF++)
You are vulnerable to cold. (rC-)
You float through the air rather than walking.
You learn spells naturally, not from books.
Your magical power is your life essence.
You have superior vitality. (+4 MHP)


Message History

You hear an angry hiss.
The orc hits you but does no damage.
Casting: Scorch (safe; 5% risk of failure)
Confirm with . or Enter, or press ? or * to list all spells.
Flames lash the orc priest but do no damage.
An adder comes into view.
The orc hits you with a +0 dagger.
The orc priest invokes the aid of Beogh against you.
Beogh smites you!
* * * LOW HITPOINT WARNING * * *
Unknown command.
Casting: Scorch (safe; 5% risk of failure)
Confirm with . or Enter, or press ? or * to list all spells.
Flames lash the orc priest.
The orc priest is heavily wounded.
* * * LOW HITPOINT WARNING * * *
The orc is no longer more vulnerable to fire.
The orc hits you but does no damage. The orc priest closely misses you.
Casting: Scorch (safe; 5% risk of failure)
Confirm with . or Enter, or press ? or * to list all spells.
You miscast Blink.
You are very lightly contaminated with residual magic.
Nothing appears to happen.
* * * LOW HITPOINT WARNING * * *
The adder completely misses you.
The orc priest hits you but does no damage.
The orc barely misses you.
Casting: Blink (safe; 5% risk of failure)
Confirm with . or Enter, or press ? or * to list all spells.
You blink.
* * * LOW HITPOINT WARNING * * *
There is a stone staircase leading up here.
You feel stable enough to blink again.
The orc priest is no longer more vulnerable to fire.
You fly upwards.
There is a stone staircase leading down here.
You start resting.
Your magical contamination has completely faded away.
You start resting.
HP restored.
You fly downwards.
The adder closely misses you. The adder barely misses you.
There is a stone staircase leading up here.
Casting: Blink (safe; 5% risk of failure)
Confirm with . or Enter, or press ? or * to list all spells.
The spell is extremely dangerous to miscast (36% risk of failure)!
Continue anyway?
You miscast Manifold Assault.
You are very lightly contaminated with residual magic.
The floor and the ceiling briefly switch places.
You are magically locked in place.
The adder bites you.
You hit the orc.
The orc is lightly wounded.
The adder bites you. The orc closely misses you. The adder barely misses you.
You barely miss the orc.
The orc is lightly wounded.
The orc hits you with a +0 dagger. The adder closely misses you.
The orc priest completely misses you.
You barely miss the orc priest. The adder bites you but does no damage.
The orc misses you. The orc priest misses you. The adder bites you.
You hit the orc priest.
The orc priest is moderately wounded.
The orc hits you with a +0 dagger. The orc priest barely misses you.
The adder bites you.
You barely miss the orc priest.
The orc priest is moderately wounded.
You are no longer locked in place.
The adder bites you. The orc hits you with a +0 dagger.
The orc priest closely misses you. The adder bites you.
The orc barely misses you. The orc priest closely misses you.
You hit the orc priest but do no damage.
The orc priest is moderately wounded.
The adder closely misses you. The orc hits you with a +0 dagger.
The orc priest mumbles some strange prayers to Beogh against you.
Beogh smites you!
* * * LOW HITPOINT WARNING * * *
Casting: Manifold Assault (extremely dangerous; 36% risk of failure)
Confirm with . or Enter, or press ? or * to list all spells.
The spell is extremely dangerous to miscast (36% risk of failure)!
Continue anyway?
Space momentarily warps into an impossible shape!
You barely miss the adder. You hit the orc.
You kill the orc!
You hit the orc priest but do no damage.
* * * LOW HITPOINT WARNING * * *
The adder bites you but does no damage.
The orc priest hits you with a +0 short sword.
* * * LOW HITPOINT WARNING * * *
The adder bites you but does no damage.
You hit the orc priest.
The orc priest is moderately wounded.
The adder barely misses you. The orc priest misses you.
The adder bites you but does no damage.
You barely miss the orc priest.
The orc priest is moderately wounded.
The orc priest hits you but does no damage.
The adder bites you but does no damage.
You hit the orc priest.
The orc priest is severely wounded.
The orc priest hits you but does no damage.
The adder bites you but does no damage.
The orc priest hits you with a +0 short sword.
You die...

. #. #### ###
#.#.# ##..# #..##
.....##.S.##.....
......#)@........
#......o.......#
..............##
..$.......#..##
.####.....##..#
#.#^).#...#
##.#[.....##
........)#
.....#....#


You could see an orc priest and an adder.

Vanquished Creatures
  Robin (D:2)
  3 gnolls (D:3)
  4 adders
  A dart slug (D:2)
  3 orcs (D:4)
  4 ball pythons
  An endoplasm (D:2)
  2 giant cockroaches
  14 goblins
  10 hobgoblins
  13 jackals
  3 quokkas
  3 bats
  4 frilled lizards
  3 kobolds
  5 rats
74 creatures vanquished.

Notes
Turn   | Place    | Note
-------+----------+-------------------------------------------
     0 | D:1      | RascalDebosk the Djinni Warper began the quest for the Orb.
     0 | D:1      | RascalDebosk set off with the following spells memorised:
                  | Blink, Lesser Beckoning, Vhi's Electric Charge, Teleport
                  | Other, Manifold Assault.
     0 | D:1      | Reached XP level 1. HP: 18/18 MP: 0/0
   265 | D:1      | Reached XP level 2. HP: 15/23 MP: 0/0
   629 | D:1      | Reached skill level 3 in Spellcasting
   838 | D:2      | Reached XP level 3. HP: 25/28 MP: 0/0
   838 | D:2      | Learned a level 1 spell: Beastly Appendage
  1011 | D:2      | Reached XP level 4. HP: 30/33 MP: 0/0
  1472 | D:2      | Noticed Robin
  1487 | D:2      | Killed Robin
  1488 | D:2      | Reached skill level 4 in Spellcasting
  1740 | D:2      | Found a runed translucent door.
  1741 | D:2      | Noticed Crazy Yiuf
  2226 | D:3      | Reached XP level 5. HP: 32/38 MP: 0/0
  2226 | D:3      | Learned a level 2 spell: Scorch
  3229 | D:4      | Slain by an orc priest

Illustrated notes

Levels and vault maps discovered:
D:1:      lemuel_arrival_rhombus, layout_basic
D:2:      minmay_skewed_foursquare, layout_loops_ring, feat_on_display,
          uniq_robin, uniq_crazy_yiuf_cottage
D:3:      layout_basic
D:4:      layout_cave_pools, minmay_temple_entry_statues_pillars

Skill      XL: |  1  2  3  4  5 |
---------------+----------------+-----
Spellcasting   | 3 4 |  4.1
Long Blades    | 2 |  2.0
Fighting       | |  2.4
Throwing       | |  0.7
Armour         | |  1.5
Dodging        | |  2.1
Evocations     | |  0.8

Action                     |  1- 3 |  4- 6 || total
---------------------------+-------+-------++-------
  Melee: Falchion          |    96 |   164 ||   260
         Punch             |     2 |     1 ||     3
         Headbutt          |     6 |     2 ||     8
  Throw: Boomerang         |       |     1 ||     1
   Cast: Beastly Appendage |     5 |     3 ||     8
         Vhi's Electric Ch |       |    10 ||    10
         Manifold Assault  |       |     5 ||     5
         Lesser Beckoning  |       |     1 ||     1
         Scorch            |       |    15 ||    15
         Blink             |       |     2 ||     2
 Armour: Leather armour    |    36 |    64 ||   100
  Dodge: Dodged            |    62 |   114 ||   176
